 Dungeon Crawl Stone Soup version 0.23-a0-635-g88ca12a7de (webtiles) character file.

595 LLavrengius the Digger (level 7, -3/44 HPs)
             Began as a Gargoyle Earth Elementalist on Dec 26, 2018.
             Slain by a worker ant (6 damage)
             ... on level 6 of the Dungeon on Dec 27, 2018.
             The game lasted 00:16:34 (5376 turns).

LLavrengius the Digger (GrEE)                       Turns: 5376, Time: 00:16:34

Health: -3/44      AC:  9    Str: 13    XL:     7   Next: 40%
Magic:  3/10       EV: 10    Int: 16    God:
Gold:   250        SH:  9    Dex: 10    Spells: 7/10 levels left

rFire    + . .     SeeInvis .   k - +0 mace
rCold    + . .     Gourm    .   m - +0 shield
rNeg     + . .     Faith    .   c - +0 robe
rPois    ∞         Spirit   .   C - +2 hat
rElec    +         Reflect  .   B - scarf {rC+ rF+}
rCorr    .         Harm     .   n - +0 pair of gloves (curse)
MR       .....                  (no boots)
Stlth    ++........             (no amulet)
HPRegen  0.14/turn              f - ring of flight
MPRegen  0.12/turn              (no ring)

@: very slightly contaminated
A: negative energy resistance 1, electricity resistance, unbreathing,
petrification resistance, rot immunity, AC +4
a: Evoke Flight


You were on level 6 of the Dungeon.
You were hungry.

You visited 1 branch of the dungeon, and saw 6 of its levels.

You collected 250 gold pieces.

Inventory:

Hand Weapons
 k - a +0 mace (weapon)
Missiles
 b - 190 stones
 j - 19 tomahawks (quivered)
Armour
 c - a +0 robe (worn)
 m - a +0 shield (worn)
 n - a cursed +0 pair of gloves (worn)
 r - a cursed +0 ring mail
 w - a +0 leather armour of fire resistance
 B - a scarf of resistance (worn)
 C - a +2 hat (worn)
Jewellery
 f - a ring of flight (left hand)
 E - a +3 ring of evasion {unknown}
Wands
 A - a wand of paralysis (9)
Scrolls
 a - 3 scrolls of teleportation {unknown}
 e - 2 scrolls of enchant weapon {unknown}
 g - a scroll of amnesia {unknown}
 i - 2 scrolls of magic mapping {unknown}
 o - a scroll of immolation {unknown}
 p - 2 scrolls of identify {unknown}
 v - 3 scrolls of fog {unknown}
 y - a scroll of enchant armour {unknown}
 F - 2 scrolls of remove curse {unknown}
Potions
 h - a potion of lignification {unknown}
 l - a potion of degeneration {unknown}
 q - a potion of brilliance {unknown}
 s - a potion of haste {unknown}
 t - 2 potions of mutation {unknown}
 u - a potion of might {unknown}
 x - a potion of agility {unknown}
 z - a potion of curing {unknown}
 D - 3 potions of heal wounds {unknown}
Comestibles
 d - 5 rations


   Skills:
 + Level 5.1 Fighting
 - Level 1.5 Dodging
 - Level 2.1 Stealth
 + Level 4.6 Shields
 - Level 2.0 Spellcasting
 - Level 0.7 Transmutations
 - Level 6.0 Earth Magic


You had 7 spell levels left.
You knew the following spells:

 Your Spells              Type           Power        Failure   Level  Hunger
a - Sandblast             Erth           ###...       7%          1    #......
b - Passwall              Tmut/Erth      ##......     30%         2    ###....

Your spell library contained the following spells:

 Spells                   Type           Power        Failure   Level  Hunger
 Stone Arrow              Conj/Erth      ##....       56%         3    ###....
 Corona                   Hex            #......      61%         1    #......
 Ensorcelled Hibernation  Hex/Ice        #.....       75%         2    ###....
 Lee's Rapid Deconstruct  Erth           ###.......   88%         5    ######.
 Petrify                  Tmut/Erth      ##......     89%         4    #####..
 Confuse                  Hex            #.......     93%         3    ###....
 Dazzling Spray           Conj/Hex       #.....       93%         3    ###....
 Tukima's Dance           Hex            #.......     93%         3    ###....


Dungeon Overview and Level Annotations

Branches:
Dungeon (6/15)
 Temple: D:4-7

Altars:
Fedhas
Trog
The Shining One

Shops:
D:4 :


Innate Abilities, Weirdness & Mutations

You are resistant to torment.
Your stone body is resilient. (AC +4)
You are immune to poison.
You resist negative energy. (rN+)
You are resistant to electric shocks. (rElec)
You can survive without breathing.
You are immune to petrification.
You are immune to rotting.


Message History

Casting: Sandblast (safe; 7% risk of failure)
Confirm with . or Enter, or press ? or * to list all spells.
Aiming: Sandblast (safe; 7% risk of failure)
Press: ? - help, Shift-Dir - straight line, f/p - centaur
Aim: a centaur (almost dead)
The blast of sand hits the centaur.
You kill the centaur!
Your Fighting skill increases to level 5!
b - 190 stones The bullfrog zombie hits you.
* * * LOW HITPOINT WARNING * * *
The hornet zombie hits you but does no damage.
You block the bullfrog zombie's attack. The hornet zombie hits you.
* * * LOW HITPOINT WARNING * * *
The bullfrog zombie hits you but does no damage.
The hornet zombie closely misses you. The hornet zombie hits you.
* * * LOW HITPOINT WARNING * * *
The worker ant bites you.
You die...

####+## #.....#
#.....# #.#
+.....#### #.#
#$........ #.#
#.)....... . #.#
#Z........ .# #.#
#aZ....... .# #.#
#@..##.... .#
#.#+####...# ..
.########..........#
..).....>.....######
.....#.###....#
.....#.# #.......#
.....#.# #...###.#
'#####.# #...# # .#
#.# ##+##


You could see a worker ant, a bullfrog zombie and a hornet zombie.

Vanquished Creatures
  2 ice beasts
  A centaur (D:6)
  A scorpion (D:4)
  A howler monkey (D:4)
  A jelly (D:6)
  A bullfrog skeleton (D:4)
  A worker ant (D:5)
  6 adders
  5 dart slugs
  7 leopard geckos
  8 orcs
  3 ball pythons
  5 giant cockroaches
  6 goblins
  9 hobgoblins
  7 jackals
  6 kobolds
  2 quokkas
  9 bats
  7 frilled lizards
  A quokka zombie (D:5)
  6 rats
95 creatures vanquished.

Notes
Turn   | Place    | Note
-------+----------+-------------------------------------------
     0 | D:1      | LLavrengius the Gargoyle Earth Elementalist began the quest
                  | for the Orb.
     0 | D:1      | Reached XP level 1. HP: 10/10 MP: 3/3
   407 | D:1      | Reached skill level 1 in Fighting
   434 | D:1      | Reached skill level 4 in Earth Magic
   434 | D:1      | Reached XP level 2. HP: 15/16 MP: 5/5
   447 | D:1      | Learned a level 2 spell: Passwall
  1026 | D:1      | Reached XP level 3. HP: 15/21 MP: 3/6
  1858 | D:2      | Reached skill level 1 in Shields
  2218 | D:2      | Reached XP level 4. HP: 15/27 MP: 2/7
  3264 | D:3      | Found a blossoming altar of Fedhas.
  3375 | D:3      | Found a bloodstained altar of Trog.
  3379 | D:3      | Found a glowing golden altar of the Shining One.
  3750 | D:3      | Reached XP level 5. HP: 32/32 MP: 8/8
  3867 | D:4      | Reached skill level 5 in Earth Magic
  4066 | D:4      | Found Wooh's Book Emporium.
  4157 | D:4      | Reached XP level 6. HP: 30/38 MP: 9/9
  4583 | D:5      | Entered Level 5 of the Dungeon
  5133 | D:5      | Noticed an ice beast
  5140 | D:5      | Killed an ice beast
  5140 | D:5      | Reached skill level 6 in Earth Magic
  5280 | D:5      | Upgraded the game from 0.23-a0-629-gae4348f6cf to
                  | 0.23-a0-635-g88ca12a7de
  5310 | D:6      | Noticed an ice beast
  5317 | D:6      | Killed an ice beast
  5317 | D:6      | Reached XP level 7. HP: 44/44 MP: 5/10
  5374 | D:6      | Reached skill level 5 in Fighting
  5376 | D:6      | Slain by a worker ant

Vault maps used:
D:1:      wander_arrival_fairy_ring, minmay_distorted
D:3:      nicolae_overflow_hidden_temple, fedhas_altar_4
D:4:      serial_shops, shop_fountains, chequers_serial_rivers_small_3,
          amethyst_killhole, minmay_statues_item
D:5:      first_ration

Skill      XL: |  1  2  3  4  5  6  7 |
---------------+----------------------+-----
Fighting       | 1 2 3 4 5 |  5.1
Earth Magic    | 4 5 6 |  6.0
Shields        | 1 2 3 4 |  4.6
Dodging        | |  1.5
Stealth        | |  2.1
Spellcasting   | |  2.0
Transmutations | |  0.7

Action                   |  1- 3 |  4- 6 |  7- 9 || total
-------------------------+-------+-------+-------++-------
Melee: Club              |    52 |       |       ||    52
       Unarmed           |    15 |       |       ||    15
       Mace              |   126 |   261 |     8 ||   395
Throw: Tomahawk          |       |     9 |       ||     9
 Cast: Sandblast         |     9 |    16 |     8 ||    33
 Stab: Sleeping          |     3 |     3 |       ||     6
  Eat: Chunk             |     5 |    10 |       ||    15
Armor: Robe              |   125 |   118 |    14 ||   257
Dodge: Dodged            |   146 |   131 |    10 ||   287
Block: Shield            |    67 |   125 |    15 ||   207

Table legend:
 A = Non-vault XP
 B = Vault XP
 C = Vault XP percentage of total XP
 D = Non-vault monster count
 E = Vault monster count
 F = Vault count percentage of total count
                 A         B        C        D         E       F
            +---------+---------+-------+---------+---------+-------
      Total |     847 |       4 |   0.5 |      92 |       3 |   3.2
            +---------+---------+-------+---------+---------+-------
        D:1 |      36 |       4 |  10.0 |      20 |       3 |  13.0
        D:2 |      81 |       0 |   0.0 |      23 |       0 |   0.0
        D:3 |      46 |       0 |   0.0 |      21 |       0 |   0.0
        D:4 |     206 |       0 |   0.0 |      14 |       0 |   0.0
        D:5 |     183 |       0 |   0.0 |      10 |       0 |   0.0
        D:6 |     295 |       0 |   0.0 |       4 |       0 |   0.0
            +---------+---------+-------+---------+---------+-------
